TOP OF THE 1ST |
Myrtle Beach Seahawks batting - Pitching for Provo Mango : LHP Jeff Bradshaw
|
Pitching: LHP Jeff Bradshaw
|
|
Batting: RHB Manuel Díaz
|
0-0: Ball 1-0: Ground out 4-3 (Groundball, 4)
|
Batting: RHB Dionísio Prudente
|
0-0: Called Strike 0-1: Fly out, F4 (Popup, 4)
|
Batting: RHB Fernando Pérez
|
0-0: Ball 1-0: Ground out 6-3 (Groundball, 6)
|
Top of the 1st over - 0 run(s), 0 hit(s), 0 error(s), 0 left on base; Myrtle Beach 0 - Provo 0 |
BOTTOM OF THE 1ST |
Provo Mango batting - Pitching for Myrtle Beach Seahawks : LHP Gary Barber
|
Pitching: LHP Gary Barber
|
|
Batting: RHB Cristián Lima
|
0-0: Ball 1-0: Called Strike 1-1: Foul Ball, location: 2F 1-2: Foul Ball, location: 2F 1-2: Ball 2-2: Ball 3-2: Base on Balls
|
Batting: LHB Akihito Nishiyama
|
0-0: Ball 1-0: Ball 2-0: Called Strike 2-1: Foul Ball, location: 2F 2-2: Ball 3-2: Strikes out looking
|
Batting: RHB Logan Manning
|
0-0: Called Strike 0-1: Foul Ball, location: 2F 0-2: Ball 1-2: Strikes out swinging
|
Batting: RHB Rubén Campos
|
0-0: SINGLE (Line Drive, 6MD) Cristián Lima to second
|
Batting: LHB Esteban Trujillo
|
0-0: Ball 1-0: Ball 2-0: Called Strike 2-1: Ball 3-1: Base on Balls Cristián Lima to third Rubén Campos to second
|
Batting: SHB Héctor Anbablo
|
0-0: Called Strike 0-1: Foul Ball, location: 2F 0-2: Ball 1-2: Strikes out swinging
|
Bottom of the 1st over - 0 run(s), 1 hit(s), 0 error(s), 3 left on base; Myrtle Beach 0 - Provo 0 |
TOP OF THE 2ND |
Myrtle Beach Seahawks batting - Pitching for Provo Mango : LHP Jeff Bradshaw
|
Batting: RHB Jim Unknown
|
0-0: Ball 1-0: Swinging Strike 1-1: Fly out, F9 (Flyball, 89M)
|
Batting: SHB Jorge Barrios
|
0-0: Fly out, F8 (Flyball, 8RM)
|
Batting: RHB Rodrigo Lugo
|
0-0: Hit by Pitch
|
Batting: SHB Tony Martínez
|
0-0: Foul Ball, location: 2F 0-1: Foul Ball, location: 2F 0-2: Strikes out swinging
|
Top of the 2nd over - 0 run(s), 0 hit(s), 0 error(s), 1 left on base; Myrtle Beach 0 - Provo 0 |
BOTTOM OF THE 2ND |
Provo Mango batting - Pitching for Myrtle Beach Seahawks : LHP Gary Barber
|
Batting: LHB Armando Villarreal
|
0-0: Ball 1-0: Ground out U3 (Groundball, 3L)
|
Batting: RHB Everette Jeffers
|
0-0: Hit by Pitch
|
Batting: RHB John Moss
|
0-0: Ball 1-0: Grounds into double play, 6-4-3 (Groundball, 6)
|
Bottom of the 2nd over - 0 run(s), 0 hit(s), 0 error(s), 0 left on base; Myrtle Beach 0 - Provo 0 |
TOP OF THE 3RD |
Myrtle Beach Seahawks batting - Pitching for Provo Mango : LHP Jeff Bradshaw
|
Batting: RHB Roberto Escues
|
0-0: Foul Ball, location: 2F 0-1: Ball 1-1: Ball 2-1: Ball 3-1: Base on Balls
|
Batting: RHB Guillaume Colin
|
0-0: Ball 1-0: Grounds into double play, 6-4-3 (Groundball, 6)
|
Batting: RHB Manuel Díaz
|
0-0: Ball 1-0: Ground out 6-3 (Groundball, 6)
|
Top of the 3rd over - 0 run(s), 0 hit(s), 0 error(s), 0 left on base; Myrtle Beach 0 - Provo 0 |
BOTTOM OF THE 3RD |
Provo Mango batting - Pitching for Myrtle Beach Seahawks : LHP Gary Barber
|
Batting: RHB Cristián Lima
|
0-0: Swinging Strike 0-1: Swinging Strike 0-2: Ball 1-2: Strikes out swinging
|
Batting: LHB Akihito Nishiyama
|
0-0: Called Strike 0-1: Ball 1-1: Ball 2-1: Ball 3-1: Base on Balls
|
Batting: RHB Logan Manning
|
0-0: Called Strike 0-1: Ball 1-1: Fly out, F9 (Flyball, 9M)
|
Batting: RHB Rubén Campos
|
0-0: Called Strike 0-1: Ball 1-1: Swinging Strike 1-2: Strikes out looking
|
Bottom of the 3rd over - 0 run(s), 0 hit(s), 0 error(s), 1 left on base; Myrtle Beach 0 - Provo 0 |
TOP OF THE 4TH |
Myrtle Beach Seahawks batting - Pitching for Provo Mango : LHP Jeff Bradshaw
|
Batting: RHB Dionísio Prudente
|
0-0: Swinging Strike 0-1: Foul Ball, location: 2F 0-2: Ball 1-2: Foul Ball, location: 2F 1-2: Strikes out looking
|
Batting: RHB Fernando Pérez
|
0-0: Called Strike 0-1: Ground out 4-3 (Groundball, 4M)
|
Batting: RHB Jim Unknown
|
0-0: Foul Ball, location: 2F 0-1: Swinging Strike 0-2: Fly out, F7 (Flyball, 7M)
|
Top of the 4th over - 0 run(s), 0 hit(s), 0 error(s), 0 left on base; Myrtle Beach 0 - Provo 0 |
BOTTOM OF THE 4TH |
Provo Mango batting - Pitching for Myrtle Beach Seahawks : LHP Gary Barber
|
Batting: LHB Esteban Trujillo
|
0-0: Called Strike 0-1: Fly out, F8 (Flyball, 8LXD)
|
Batting: SHB Héctor Anbablo
|
0-0: Foul Ball, location: 2F 0-1: Called Strike 0-2: SINGLE (Groundball, 6MD)
|
Batting: LHB Armando Villarreal
|
0-0: Called Strike 0-1: Fly out, F9 (Flyball, 9M)
|
Batting: RHB Everette Jeffers
|
0-0: Ball 1-0: Called Strike 1-1: Fly out, F7 (Line Drive, 7S)
|
Bottom of the 4th over - 0 run(s), 1 hit(s), 0 error(s), 1 left on base; Myrtle Beach 0 - Provo 0 |
TOP OF THE 5TH |
Myrtle Beach Seahawks batting - Pitching for Provo Mango : LHP Jeff Bradshaw
|
Batting: SHB Jorge Barrios
|
0-0: Called Strike 0-1: Ball 1-1: Foul Ball, location: 2F 1-2: SINGLE (Line Drive, 6MD)
|
Batting: RHB Rodrigo Lugo
|
0-0: Called Strike 0-1: Bunted foul 0-2: SINGLE (Groundball, 6M) Jorge Barrios to second Runner from 2nd tries for 3rd, SAFE, no throw or cutoff
|
Batting: SHB Tony Martínez
|
0-0: Called Strike 0-1: Foul Ball, location: 2F 0-2: Foul Ball, location: 2F 0-2: Ball 1-2: Foul Ball, location: 2F 1-2: Strikes out swinging
|
Batting: RHB Roberto Escues
|
0-0: Called Strike 0-1: Called Strike 0-2: Ball 1-2: Reaches on Catchers interference Rodrigo Lugo to second
|
Batting: RHB Guillaume Colin
|
0-0: Ball 1-0: Called Strike 1-1: Grounds into double play, 5-4-3 (Groundball, 5)
|
Top of the 5th over - 0 run(s), 2 hit(s), 1 error(s), 2 left on base; Myrtle Beach 0 - Provo 0 |
BOTTOM OF THE 5TH |
Provo Mango batting - Pitching for Myrtle Beach Seahawks : LHP Gary Barber
|
Batting: RHB John Moss
|
0-0: Called Strike 0-1: Foul Ball, location: 2F 0-2: Ball 1-2: Ball 2-2: Foul Ball, location: 2F 2-2: Strikes out swinging
|
Batting: RHB Cristián Lima
|
0-0: Called Strike 0-1: Foul Ball, location: 2F 0-2: Foul Ball, location: 2F 0-2: Ball 1-2: Foul Ball, location: 2F 1-2: Foul Ball, location: 2F 1-2: Ball 2-2: Foul Ball, location: 2F 2-2: Strikes out looking
|
Batting: LHB Akihito Nishiyama
|
0-0: Called Strike 0-1: Ball 1-1: Ball 2-1: Ball 3-1: Fly out, F8 (Line Drive, 8LM)
|
Bottom of the 5th over - 0 run(s), 0 hit(s), 0 error(s), 0 left on base; Myrtle Beach 0 - Provo 0 |
TOP OF THE 6TH |
Myrtle Beach Seahawks batting - Pitching for Provo Mango : LHP Jeff Bradshaw
|
Batting: RHB Manuel Díaz
|
0-0: Called Strike 0-1: SINGLE (Flyball, 89S)
|
Batting: RHB Dionísio Prudente
|
0-0: Sac Bunt - play at first, batter OUT! 1-4 Manuel Díaz to second
|
Batting: RHB Fernando Pérez
|
0-0: Swinging Strike 0-1: Ground out 6-3 (Groundball, 6M) Manuel Díaz to third
|
Batting: RHB Jim Unknown
|
0-0: Intentional Walk
|
Batting: SHB Jorge Barrios
|
0-0: Called Strike 0-1: Ball 1-1: Ball 2-1: SINGLE (Groundball, 6D) Manuel Díaz scores Jim Unknown to second
|
Batting: RHB Rodrigo Lugo
|
0-0: Ball 1-0: Foul Ball, location: 2F 1-1: Ball 2-1: Ground out 5-3 (Groundball, 5S)
|
Top of the 6th over - 1 run(s), 2 hit(s), 0 error(s), 2 left on base; Myrtle Beach 1 - Provo 0 |
BOTTOM OF THE 6TH |
Provo Mango batting - Pitching for Myrtle Beach Seahawks : LHP Gary Barber
|
Batting: RHB Logan Manning
|
0-0: Ball 1-0: Called Strike 1-1: Ground out 4-3 (Groundball, 4)
|
Batting: RHB Rubén Campos
|
0-0: Swinging Strike 0-1: Swinging Strike 0-2: Strikes out swinging
|
Batting: LHB Esteban Trujillo
|
0-0: Called Strike 0-1: Swinging Strike 0-2: Foul Ball, location: 2F 0-2: Ball 1-2: Foul Ball, location: 2F 1-2: Strikes out swinging
|
Bottom of the 6th over - 0 run(s), 0 hit(s), 0 error(s), 0 left on base; Myrtle Beach 1 - Provo 0 |
TOP OF THE 7TH |
Myrtle Beach Seahawks batting - Pitching for Provo Mango : LHP Jeff Bradshaw
|
Batting: SHB Tony Martínez
|
0-0: Ball 1-0: Fly out, F8 (Flyball, 8LS)
|
Batting: RHB Roberto Escues
|
0-0: Foul Ball, location: 2F 0-1: Called Strike 0-2: Foul Ball, location: 2F 0-2: Foul Ball, location: 2F 0-2: Ball 1-2: Strikes out swinging
|
Batting: RHB Guillaume Colin
|
0-0: Ball 1-0: Called Strike 1-1: Called Strike 1-2: Strikes out looking
|
Top of the 7th over - 0 run(s), 0 hit(s), 0 error(s), 0 left on base; Myrtle Beach 1 - Provo 0 |
BOTTOM OF THE 7TH |
Provo Mango batting - Pitching for Myrtle Beach Seahawks : LHP Gary Barber
|
Batting: SHB Héctor Anbablo
|
0-0: Fly out, F9 (Flyball, 89D)
|
Batting: LHB Armando Villarreal
|
0-0: Called Strike 0-1: Foul Ball, location: 2F 0-2: Ball 1-2: Foul Ball, location: 2F 1-2: Strikes out swinging
|
Batting: RHB Everette Jeffers
|
0-0: Swinging Strike 0-1: Swinging Strike 0-2: Foul Ball, location: 2F 0-2: Ball 1-2: Foul Ball, location: 2F 1-2: Strikes out swinging, 2-3 out at first.
|
Bottom of the 7th over - 0 run(s), 0 hit(s), 0 error(s), 0 left on base; Myrtle Beach 1 - Provo 0 |
TOP OF THE 8TH |
Myrtle Beach Seahawks batting - Pitching for Provo Mango : LHP Jeff Bradshaw
|
Batting: RHB Manuel Díaz
|
0-0: Swinging Strike 0-1: Ball 1-1: Swinging Strike 1-2: Strikes out swinging
|
Pitching: RHP Jason Troughton
|
|
Batting: RHB Dionísio Prudente
|
0-0: Called Strike 0-1: Fly out, F4 (Popup, 3DF)
|
Batting: RHB Fernando Pérez
|
0-0: Called Strike 0-1: Called Strike 0-2: Strikes out looking
|
Top of the 8th over - 0 run(s), 0 hit(s), 0 error(s), 0 left on base; Myrtle Beach 1 - Provo 0 |
BOTTOM OF THE 8TH |
Provo Mango batting - Pitching for Myrtle Beach Seahawks : LHP Gary Barber
|
Batting: RHB John Moss
|
0-0: Ball 1-0: Foul Ball, location: 2F 1-1: Called Strike 1-2: Strikes out looking
|
Pitching: RHP Andrew Webster
|
|
Batting: RHB Cristián Lima
|
0-0: Foul Ball, location: 2F 0-1: Swinging Strike 0-2: Ball 1-2: Ball 2-2: Strikes out swinging
|
Batting: LHB Akihito Nishiyama
|
0-0: Ball 1-0: Ball 2-0: Ground out 3-1 (Groundball, 34)
|
Bottom of the 8th over - 0 run(s), 0 hit(s), 0 error(s), 0 left on base; Myrtle Beach 1 - Provo 0 |
TOP OF THE 9TH |
Myrtle Beach Seahawks batting - Pitching for Provo Mango : RHP Jason Troughton
|
Batting: RHB Jim Unknown
|
0-0: Ground out 5-3 (Groundball, 5S)
|
Batting: SHB Jorge Barrios
|
0-0: Called Strike 0-1: Ball 1-1: Foul Ball, location: 2F 1-2: Strikes out looking
|
Batting: RHB Rodrigo Lugo
|
0-0: Ball 1-0: Fly out, F3 (Line Drive, 3)
|
Top of the 9th over - 0 run(s), 0 hit(s), 0 error(s), 0 left on base; Myrtle Beach 1 - Provo 0 |
BOTTOM OF THE 9TH |
Provo Mango batting - Pitching for Myrtle Beach Seahawks : RHP Andrew Webster
|
Pitching: RHP Dennis Dunn
|
|
Batting: RHB Logan Manning
|
0-0: Ball 1-0: Foul Ball, location: 2F 1-1: Foul Ball, location: 2F 1-2: Foul Ball, location: 2F 1-2: SINGLE (Line Drive, 6)
|
Batting: RHB Rubén Campos
|
0-0: Called Strike 0-1: Swinging Strike 0-2: Ball 1-2: Grounds into double play, 6-4-3 (Groundball, 56)
|
Batting: LHB Esteban Trujillo
|
0-0: Ball 1-0: Called Strike 1-1: Ball 2-1: Foul Ball, location: 2F 2-2: Foul Ball, location: 2F 2-2: Strikes out swinging
|
Bottom of the 9th over - 0 run(s), 1 hit(s), 0 error(s), 0 left on base; Myrtle Beach 1 - Provo 0 |
|